 Dungeon Crawl Stone Soup version 0.24.0-37-gcf1ca852f1 (webtiles) character file.

Game seed: 157369630839267750, levelgen mode: deterministic

1836 FishyPogo the Skirmisher (level 8, 0/84 HPs)
             Began as a Troll Berserker on Dec 6, 2019.
             Was a High Priest of Trog.
             Killed from afar by an electric eel (13 damage)
             ... with a bolt of electricity
             ... on level 6 of the Dungeon.
             The game lasted 00:20:21 (4355 turns).

FishyPogo the Skirmisher (Troll Berserker)          Turns: 4355, Time: 00:20:21

Health: 0/84       AC:  7    Str: 28    XL:     8   Next: 87%
Magic:  16/16      EV: 10    Int:  9    God:    Trog [*****.]
Gold:   421        SH:  0    Dex:  4    Spells: 7/7 levels left

rFire    . . .     SeeInvis .   G - +5 mace of Checkmate {flame, Int+6 Dex-5}
rCold    . . .     Gourm    +   (no shield)
rNeg     . . .     Faith    .   a - +0 animal skin
rPois    .         Spirit   .   (helmet restricted)
rElec    .         Reflect  .   y - +0 cloak
rCorr    +         Harm     .   (gloves unavailable)
MR       .....                  (boots unavailable)
Stlth    +.........             (no amulet)
HPRegen  0.64/turn              d - ring of resist corrosion
MPRegen  0.15/turn              E - ring of magical power

@: no status effects
A: large, unfitting armour, claws 3, fast metabolism 3, gourmand, regeneration
1, shaggy fur 1, tough skin 3
a: Berserk, Trog's Hand, Brothers in Arms, Renounce Religion


You were on level 6 of the Dungeon.
You worshipped Trog.
Trog was extremely pleased with you.
You were completely stuffed.

You visited 1 branch of the dungeon, and saw 6 of its levels.

You collected 421 gold pieces.

Inventory:

Hand Weapons
 p - a +0 whip of draining
 q - a +2 whip of freezing
 G - the +5 mace of Checkmate (weapon) {flame, Int+6 Dex-5}
   (You found it on level 6 of the Dungeon)

   It has been specially enchanted to burn those struck by it, causing extra
   injury to most foes and up to half again as much damage against particularly
   susceptible opponents.
   It affects your intelligence (+6).
   It affects your dexterity (-5).
Missiles
 f - 354 stones
 h - 3 silver javelins
 l - 44 poisoned darts (quivered)
 s - 3 atropa-tipped darts
 z - 8 javelins
 B - 4 boomerangs
 D - 5 curare-tipped darts
Armour
 a - a +0 animal skin (worn)
 y - a +0 cloak (worn)
Jewellery
 d - a ring of resist corrosion (left claw)
 E - a ring of magical power (right claw)
Scrolls
 c - 2 scrolls of amnesia {unknown}
 e - 7 scrolls of identify {unknown}
 g - 3 scrolls of teleportation {unknown}
 j - 3 scrolls of noise {unknown}
 o - 4 scrolls of remove curse {unknown}
 u - 2 scrolls of immolation {unknown}
 v - 4 scrolls of magic mapping {unknown}
 w - a scroll of fear {unknown}
 x - 2 scrolls of blinking {unknown}
 C - a scroll of vulnerability {unknown}
Potions
 i - 2 potions of resistance {unknown}
 k - a potion of invisibility {unknown}
 m - a potion of heal wounds
 r - a potion of might {unknown}
 t - a potion of brilliance {unknown}
 A - a potion of flight {unknown}
 F - a potion of curing {unknown}
Comestibles
 b - 13 rations


   Skills:
 * Level 6.6 Fighting
 * Level 3.7 Throwing
 + Level 5.1 Dodging
 + Level 6.2 Unarmed Combat


You had 7 spell levels left.
You didn't know any spells.
Your spell library contained the following spells:

 Spells                   Type           Power        Failure   Level  Hunger
 Corona                   Hex            #......      38%         1    ##.....
 Magic Dart               Conj           #...         38%         1    ##.....
 Blink                    Tloc           N/A          52%         2    ###....
 Call Imp                 Summ           #.......     52%         2    ###....
 Ensorcelled Hibernation  Hex/Ice        #.....       52%         2    ###....
 Slow                     Hex            #.......     52%         2    ###....
 Confuse                  Hex            #.......     77%         3    ####...
 Conjure Flame            Conj/Fire      #.......     77%         3    ####...
 Dazzling Spray           Conj/Hex       #.....       77%         3    ####...
 Mephitic Cloud           Conj/Pois/Air  #.......     77%         3    ####...
 Tukima's Dance           Hex            #.......     77%         3    ####...


Dungeon Overview and Level Annotations

Branches:
Dungeon (6/15)             Temple (0/1) D:4

Altars:
Elyvilon
Kikubaaqudgha
Vehumet
Wu Jian
Xom
Yredelemnul
The Shining One

Annotations:
D:6 1 runed translucent door, Crazy Yiuf


Innate Abilities, Weirdness & Mutations

You are too large for most types of armour.
You have claws for hands.
Your metabolism is lightning-fast.
You like to eat raw meat.
Your natural rate of healing is unusually fast.
You are covered in fur. (AC +1)
You have extremely tough skin. (AC +3)


Message History

The electric eel shoots out a bolt of lightning at you!
The bolt of electricity hits you!
* * * LOW HITPOINT WARNING * * *
The bolt of electricity hits you!
* * * LOW HITPOINT WARNING * * *
It was a potion of heal wounds.
You feel much better.
The electric eel shoots out a bolt of lightning at you!
The bolt of electricity hits you!
* * * LOW HITPOINT WARNING * * *
The bolt of electricity hits you!
* * * LOW HITPOINT WARNING * * *
You sock the electric eel! You burn the electric eel.
The electric eel is almost dead.
You closely miss the electric eel. Your claw misses the electric eel.
The electric eel is almost dead.
You barely miss the electric eel.
The electric eel is almost dead.
The electric eel shoots out a bolt of lightning at you!
The bolt of electricity hits you!
You die...

#.# # #.# ## #.# #.
#.### ###. #...## #...
###.#..################.
#.......................
#.......................
#.≈.≈.≈@≈...≈≈≈.≈..≈≈≈≈.
#≈≈≈≈≈≈;≈≈≈≈≈≈≈≈≈≈≈≈≈≈≈≈
#≈≈≈≈≈≈≈≈≈≈≈≈≈≈≈≈≈≈≈≈≈≈≈
#≈≈≈≈≈≈≈≈≈#####≈≈≈≈≈≈≈≈≈
#≈≈≈≈≈≈≈≈≈#...##########
#≈≈≈≈≈≈≈≈≈#...#...).....
#≈≈≈≈≈≈≈≈≈#...#...).)...
##≈≈≈≈≈≈≈≈##)##....)....
#.)....######


You could see an electric eel.

Vanquished Creatures
  Grinder (D:5)
  An orc warrior (D:6)
  A centaur (D:5)
  4 big kobolds (D:6)
  2 bullfrogs (D:5)
  3 scorpions (D:4)
  A vampire bat (D:4)
  An electric eel (D:6)
  2 crimson imps
  4 hounds
  2 orc priests (D:6)
  2 orc wizards (D:6)
  A centaur skeleton (D:5)
  2 iguanas (D:4)
  Terence (D:2)
  2 worker ants
  A hound zombie (D:5)
  6 adders
  13 gnolls
  A shadow imp (D:6)
  2 oozes (D:1)
  2 worms (D:2)
  6 leopard geckos
  9 orcs
  A ball python (D:2)
  14 bats
  4 giant cockroaches
  40 goblins
  19 hobgoblins
  8 jackals
  3 quokkas
  A ball python zombie (D:5)
  5 frilled lizards
  12 kobolds
  7 rats
184 creatures vanquished.

Vanquished Creatures (others)
  4 toadstools (D:1)
4 creatures vanquished.

Grand Total: 188 creatures vanquished

Notes
Turn   | Place    | Note
-------+----------+-------------------------------------------
     0 | D:1      | FishyPogo the Troll Berserker began the quest for the Orb.
     0 | D:1      | Reached XP level 1. HP: 22/22 MP: 0/0
    30 | D:1      | Reached XP level 2. HP: 29/29 MP: 1/1
   359 | D:1      | Reached XP level 3. HP: 36/36 MP: 2/2
   531 | D:2      | Reached ** piety under Trog
   599 | D:2      | Reached skill level 1 in Throwing
   651 | D:2      | Found a basalt altar of Yredelemnul.
   744 | D:2      | Reached XP level 4. HP: 39/44 MP: 3/3
   837 | D:2      | Found a white marble altar of Elyvilon.
   863 | D:2      | Noticed Terence
   871 | D:2      | Killed Terence
   919 | D:2      | Found a shimmering altar of Xom.
   983 | D:2      | Reached *** piety under Trog
   983 | D:2      | Reached XP level 5. HP: 52/53 MP: 4/4
  1064 | D:2      | Found a glowing golden altar of the Shining One.
  1335 | D:3      | Found an ancient bone altar of Kikubaaqudgha.
  1679 | D:3      | Found an ornate altar of the Wu Jian Council.
  1715 | D:4      | Found a radiant altar of Vehumet.
  1765 | D:4      | Found a staircase to the Ecumenical Temple.
  1782 | D:4      | Reached XP level 6. HP: 58/61 MP: 5/5
  1987 | D:4      | Reached XP level 7. HP: 70/70 MP: 6/6
  2452 | D:5      | Entered Level 5 of the Dungeon
  2527 | D:5      | Noticed Grinder
  2536 | D:5      | Killed Grinder
  2536 | D:5      | Reached skill level 5 in Unarmed Combat
  2538 | D:5      | Reached skill level 5 in Fighting
  3085 | D:6      | Reached **** piety under Trog
  3085 | D:6      | Reached XP level 8. HP: 80/80 MP: 7/7
  3599 | D:6      | Received a gift from Trog
  3883 | D:6      | Got a dazzling mace
  3884 | D:6      | Identified the +5 mace of Checkmate {flame, Int+6 Dex-5}
                  | (You found it on level 6 of the Dungeon)
  3886 | D:6      | Found a runed translucent door.
  3887 | D:6      | Noticed Crazy Yiuf
  4003 | D:6      | Reached skill level 5 in Dodging
  4130 | D:6      | Reached ***** piety under Trog
  4355 | D:6      | Killed from afar by an electric eel

Levels and vault maps discovered:
D:1:      ldierk_water_garden, layout_rooms
D:2:      layout_loops_ring, lemuel_round_altar, old_standard_altar,
          nicolae_overflow_hidden_temple, overflow_temple_1_default,
          hangedman_decor_points, uniq_terence
D:3:      layout_basic, lemuel_coloured_pillars_altar, marbit_many_paths
D:4:      layout_basic, minmay_temple_entry_glassed_door, roderic_batcave,
          vehumet_altar_wand_db
D:5:      layout_basic, first_ration, uniq_grinder
D:6:      minmay_goblin_kobold_castle, layout_cave_pools, serial_column_ruins,
          column_ruins_hut, column_ruins_columns_dead_end, column_ruins_grid_4,
          column_ruins_columns_corner, uniq_crazy_yiuf_cottage

Skill      XL: |  1  2  3  4  5  6  7  8 |
---------------+-------------------------+-----
Throwing       | 1 2 3 |  3.7
Fighting       | 3 4 5 6 |  6.6
Dodging        | 3 4 5 |  5.1
Unarmed Combat | 4 5 6 |  6.2

Action                   |  1- 3 |  4- 6 |  7- 9 || total
-------------------------+-------+-------+-------++-------
Melee: Unarmed           |    79 |   133 |   161 ||   373
       Punch             |       |     3 |     4 ||     7
       Mace              |       |       |    67 ||    67
Throw: Stone             |     9 |     4 |     4 ||    17
       Dart              |       |       |     6 ||     6
Invok: Berserk           |     2 |     3 |     7 ||    12
       Trog's Hand       |       |       |     2 ||     2
  Use: Potion            |       |       |     1 ||     1
 Stab: Sleeping          |       |     2 |       ||     2
  Eat: Chunk             |    13 |    16 |    30 ||    59
Armor: Animal skin       |    45 |    36 |    89 ||   170
Dodge: Dodged            |    51 |    56 |   136 ||   243
